[Event "7th Summer Cup 2024"]
[Site "Rhodes"]
[Date "2024.06.29"]
[Round "8.1"]
[White "Ladopoulos, Dimitrios"]
[Black "Kotronias, Vasilios"]
[Result "1/2-1/2"]
[ECO "A49"]
[WhiteElo "2374"]
[BlackElo "2415"]
[Annotator "RC"]
[PlyCount "66"]
[EventDate "2024.06.21"]
[EventType "swiss"]
[EventCountry "GRE"]
[SourceTitle "playchess.com"]
[Source "ChessBase"]
[SourceQuality "1"]
[TimeControl "40/5400+30:900+30"]

1. Nf3 Nf6 2. b3 g6 3. Bb2 Bg7 4. g3 d6 5. d4 c5 6. Bg2 cxd4 7. Nxd4 d5 8. O-O O-O 9. c4 dxc4 10. bxc4 Qb6 11. Qb3 Nfd7 12. Rd1 Nc6 13. Nxc6 Bxb2 14. Nxe7+ Kg7 15. Nxc8 Raxc8 16. Rxd7 Bxa1 17. Bxb7 Rcd8 18. Qxb6 axb6 19. Rd5 Rfe8 20. e3 Rxd5 21. Bxd5 Re7 22. a4 Ra7 23. Bc6 Rc7 24. Bb5 Rc8 25. Kf1 f5 26. h4 h6 27. Nd2 Bc3 28. Nb3 Kf6 29. Ke2 g5 30. hxg5+ hxg5 31. Kd3 Be1 32. Ke2 Bc3 33. Kd3 Be1 1/2-1/2

[Event "7th Summer Cup 2024"]
[Site "Rhodes"]
[Date "2024.06.29"]
[Round "8.2"]
[White "Nasuta, Grzegorz"]
[Black "Budisavljevic, Luka"]
[Result "1-0"]
[ECO "B45"]
[WhiteElo "2541"]
[BlackElo "2468"]
[Annotator "RC"]
[PlyCount "107"]
[EventDate "2024.06.21"]
[EventType "swiss"]
[EventCountry "GRE"]
[SourceTitle "playchess.com"]
[Source "ChessBase"]
[SourceQuality "1"]
[TimeControl "40/5400+30:900+30"]

1. e4 c5 2. Nf3 e6 3. d4 cxd4 4. Nxd4 Nc6 5. Nc3 Nf6 6. Nxc6 bxc6 7. e5 Nd5 8. Ne4 Qc7 9. f4 Qb6 10. c4 Bb4+ 11. Ke2 f5 12. Nf2 Ba6 13. Kf3 Ne7 14. Be3 Bc5 15. Bxc5 Qxc5 16. Qa4 Bb7 17. h4 Qb6 18. Qa3 c5+ 19. Kg3 O-O 20. Rd1 Rfd8 21. Be2 Rac8 22. Rd2 Rc6 23. Rhd1 Qc7 24. Qe3 Kf7 25. b3 Ra6 26. Nd3 Ra5 27. Nc1 Nc8 28. Bf3 Bxf3 29. Qxf3 Kf8 30. Ne2 Ra6 31. Nc3 Rb6 32. Rd3 a6 33. R1d2 Rc6 34. Qd1 d6 35. Kh3 h6 36. Na4 Rd7 37. h5 Rd8 38. Kh2 Kg8 39. Qf3 Kh7 40. Qd1 Qe7 41. Kg1 Qc7 42. Kf1 Rd7 43. Qe1 Re7 44. Qg3 g5 45. hxg6+ Kg7 46. Qh4 Kxg6 47. Qf6+ Kh7 48. Rh3 Kg8 49. Rxh6 Rg7 50. Qh4 Kf7 51. Rh8 Rg6 52. Qh7+ Rg7 53. Qh5+ Ke7 54. Qe8# 1-0

[Event "7th Summer Cup 2024"]
[Site "Rhodes"]
[Date "2024.06.29"]
[Round "8.4"]
[White "Witczak, Borys"]
[Black "Papasimakopoulos, Alexandros"]
[Result "1-0"]
[ECO "E39"]
[WhiteElo "1937"]
[BlackElo "2375"]
[Annotator "RC"]
[PlyCount "95"]
[EventDate "2024.06.21"]
[EventType "swiss"]
[EventCountry "GRE"]
[SourceTitle "playchess.com"]
[Source "ChessBase"]
[SourceQuality "1"]
[TimeControl "40/5400+30:900+30"]

1. d4 Nf6 2. c4 e6 3. Nc3 Bb4 4. Qc2 c5 5. dxc5 O-O 6. a3 Bxc5 7. Nf3 b6 8. Bf4 Bb7 9. Rd1 d5 10. e4 Nbd7 11. b4 dxe4 12. Ne5 Be7 13. Qa4 Qb8 14. Ng6 Qd8 15. Nxe7+ Qxe7 16. Bd6 Qd8 17. c5 Qc8 18. Bxf8 Kxf8 19. Bb5 Ne5 20. c6 Nxc6 21. Bxc6 Bxc6 22. b5 Bb7 23. Qb4+ Kg8 24. O-O Qc7 25. Ne2 Qe5 26. a4 Bd5 27. Qc3 Qd6 28. Rc1 h5 29. Qc7 Qb4 30. Nc3 Bc4 31. Rfe1 Bd3 32. Qb7 Rd8 33. Qxa7 Qd6 34. Nd1 Nd5 35. g3 f5 36. Ne3 f4 37. Nxd5 exd5 38. Qc7 f3 39. Qxd6 Rxd6 40. Rc6 Rd8 41. Rxb6 d4 42. a5 Be2 43. a6 d3 44. a7 d2 45. Rd1 e3 46. Rb8 Bxd1 47. Rxd8+ Kh7 48. fxe3 1-0

[Event "7th Summer Cup 2024"]
[Site "Rhodes"]
[Date "2024.06.29"]
[Round "8.5"]
[White "Sibashvili, Giorgi"]
[Black "Ballas, Athanasios-panagioti"]
[Result "1-0"]
[ECO "A23"]
[WhiteElo "2423"]
[BlackElo "2151"]
[Annotator "RC"]
[PlyCount "53"]
[EventDate "2024.06.21"]
[EventType "swiss"]
[EventCountry "GRE"]
[SourceTitle "playchess.com"]
[Source "ChessBase"]
[SourceQuality "1"]
[TimeControl "40/5400+30:900+30"]

1. c4 e5 2. g3 Nf6 3. Bg2 Bc5 4. Nc3 c6 5. Nf3 e4 6. Nh4 d5 7. cxd5 cxd5 8. d3 Ng4 9. O-O g5 10. d4 Bb6 11. Nf3 h6 12. Ne5 Nxe5 13. dxe5 Be6 14. Kh1 Nc6 15. f4 exf3 16. exf3 Qd7 17. f4 gxf4 18. Nxd5 Bxd5 19. Qxd5 Qxd5 20. Bxd5 fxg3 21. Bxf7+ Ke7 22. b3 Bc5 23. e6 gxh2 24. Bb2 Nd4 25. Rac1 Bb6 26. Bxd4 Bxd4 27. Rc7+ 1-0

[Event "7th Summer Cup 2024"]
[Site "Rhodes"]
[Date "2024.06.29"]
[Round "8.6"]
[White "Szalay-Ocsak, Bank"]
[Black "Hofstadler, Mario"]
[Result "1-0"]
[ECO "B11"]
[WhiteElo "2279"]
[BlackElo "2103"]
[Annotator "RC"]
[PlyCount "81"]
[EventDate "2024.06.21"]
[EventType "swiss"]
[EventCountry "GRE"]
[SourceTitle "playchess.com"]
[Source "ChessBase"]
[SourceQuality "1"]
[TimeControl "40/5400+30:900+30"]

1. e4 c6 2. Nc3 d5 3. Nf3 dxe4 4. Nxe4 Nf6 5. Qe2 Nxe4 6. Qxe4 Be6 7. Be2 Nd7 8. d4 Bd5 9. Qd3 Nf6 10. O-O e6 11. Re1 Be4 12. Qb3 Qb6 13. c3 Be7 14. Nd2 Bg6 15. Nc4 Qc7 16. Ne5 Nd7 17. Nxg6 hxg6 18. g3 O-O-O 19. Bf3 Qa5 20. Qc2 Bf6 21. b4 Qf5 22. Be4 Qh5 23. b5 Qxb5 24. Rb1 Qa5 25. Bf4 Nb6 26. Qb3 Rh5 27. Bd3 Qa4 28. Qb2 Ra5 29. Qe2 Rad5 30. Rb4 Qa5 31. Be4 Rb5 32. Reb1 Rxb4 33. cxb4 Qh5 34. Qc2 Kd7 35. b5 Rc8 36. bxc6+ bxc6 37. Qc5 Be7 38. Qc2 Qa5 39. Bd2 Qa6 40. Bd3 Qa4 41. Rxb6 1-0

[Event "7th Summer Cup 2024"]
[Site "Rhodes"]
[Date "2024.06.29"]
[Round "8.7"]
[White "Sandalakis, Nikolaos"]
[Black "Ghaith Saeed Alnuaimi"]
[Result "1-0"]
[ECO "B45"]
[WhiteElo "2229"]
[BlackElo "1799"]
[Annotator "RC"]
[PlyCount "93"]
[EventDate "2024.06.21"]
[EventType "swiss"]
[EventCountry "GRE"]
[SourceTitle "playchess.com"]
[Source "ChessBase"]
[SourceQuality "1"]
[TimeControl "40/5400+30:900+30"]

1. e4 c5 2. Nf3 Nc6 3. d4 cxd4 4. Nxd4 Nf6 5. Nc3 e6 6. Ndb5 Bb4 7. a3 Bxc3+ 8. Nxc3 d5 9. exd5 exd5 10. Bd3 O-O 11. O-O d4 12. Ne2 Bg4 13. Bg5 h6 14. Bh4 Bxe2 15. Bxe2 Re8 16. Re1 Re4 17. Bg3 Qb6 18. b3 Rae8 19. Qd2 R4e7 20. Bd3 Ne4 21. Bxe4 Rxe4 22. Rxe4 Rxe4 23. f3 Re6 24. Bf2 Qc5 25. Qd3 Rg6 26. h4 Qd5 27. Kh1 a5 28. Re1 Re6 29. Rxe6 fxe6 30. Kg1 Kf7 31. Kf1 Qc5 32. a4 Qa3 33. Kg1 Qc1+ 34. Kh2 Qf4+ 35. Bg3 Qf5 36. Qc4 Qd5 37. Qxd5 exd5 38. Be1 Ke6 39. Kg3 Ke5 40. Kf2 g5 41. h5 Kd6 42. Ke2 b6 43. Bg3+ Kc5 44. f4 g4 45. f5 Nd8 46. Bf4 Nf7 47. Kd3 1-0

[Event "7th Summer Cup 2024"]
[Site "Rhodes"]
[Date "2024.06.29"]
[Round "8.8"]
[White "Gelle, Istvan"]
[Black "Grapsa, Georgia"]
[Result "0-1"]
[ECO "A47"]
[WhiteElo "2163"]
[BlackElo "1979"]
[Annotator "RC"]
[PlyCount "92"]
[EventDate "2024.06.21"]
[EventType "swiss"]
[EventCountry "GRE"]
[SourceTitle "playchess.com"]
[Source "ChessBase"]
[SourceQuality "1"]
[TimeControl "40/5400+30:900+30"]

1. d4 Nf6 2. Nf3 b6 3. Bf4 e6 4. e3 Be7 5. h3 O-O 6. Nbd2 c5 7. a4 cxd4 8. exd4 Ba6 9. Bxa6 Nxa6 10. c3 d6 11. O-O Qd7 12. Qe2 Nc7 13. Nc4 h6 14. Nfd2 Qc6 15. g4 Nfd5 16. Bg3 f5 17. f4 Rae8 18. Kh2 Rf7 19. g5 hxg5 20. fxg5 f4 21. Bh4 Rf5 22. Qh5 Ref8 23. Rf2 Ne3 24. Qe2 Bxg5 25. Bxg5 Rxg5 26. Nxe3 fxe3 27. Qxe3 Rxf2+ 28. Qxf2 Qd5 29. Qf3 Rf5 30. Qxd5 Nxd5 31. Nc4 Nf6 32. Nxd6 Rf2+ 33. Kg3 Rxb2 34. Nb5 Rb3 35. Kf4 a6 36. Ra3 Rxa3 37. Nxa3 Nd5+ 38. Ke5 Kf7 39. c4 Nc3 40. a5 bxa5 41. Kd6 Ne2 42. d5 exd5 43. c5 Nd4 44. Kxd5 Nb5 45. Nxb5 axb5 46. Kd6 Ke8 0-1

[Event "7th Summer Cup 2024"]
[Site "Rhodes"]
[Date "2024.06.29"]
[Round "8.9"]
[White "Girard, Adrien"]
[Black "Seres, Bela"]
[Result "0-1"]
[ECO "B07"]
[WhiteElo "1828"]
[BlackElo "2126"]
[Annotator "RC"]
[PlyCount "66"]
[EventDate "2024.06.21"]
[EventType "swiss"]
[EventCountry "GRE"]
[SourceTitle "playchess.com"]
[Source "ChessBase"]
[SourceQuality "1"]
[TimeControl "40/5400+30:900+30"]

1. e4 c5 2. c3 d6 3. d4 Nf6 4. Bd3 cxd4 5. cxd4 e5 6. dxe5 dxe5 7. Bb5+ Bd7 8. Bxd7+ Nbxd7 9. Bg5 Qa5+ 10. Bd2 Qb6 11. Qc2 Bc5 12. Bc3 O-O 13. Nf3 Rac8 14. Qe2 Bd4 15. O-O Rfd8 16. Bxd4 exd4 17. Na3 Nc5 18. e5 d3 19. Qe1 Nfe4 20. Nc4 Qa6 21. Ncd2 Nxd2 22. Qxd2 Rd5 23. Rac1 Rcd8 24. Qb4 b6 25. Rfd1 d2 26. Rc2 Qxa2 27. Rcxd2 Rxd2 28. Nxd2 Qb3 29. Qg4 Qc2 30. Kf1 Nb3 31. Ke1 Rxd2 32. Rxd2 Qxd2+ 33. Kf1 Qc1+ 0-1

[Event "7th Summer Cup 2024"]
[Site "Rhodes"]
[Date "2024.06.29"]
[Round "8.10"]
[White "Sioulis, Stergios"]
[Black "Rigopoulos-Tsigkos, Alexandros"]
[Result "0-1"]
[ECO "D02"]
[WhiteElo "1743"]
[BlackElo "2039"]
[Annotator "RC"]
[PlyCount "70"]
[EventDate "2024.06.21"]
[EventType "swiss"]
[EventCountry "GRE"]
[SourceTitle "playchess.com"]
[Source "ChessBase"]
[SourceQuality "1"]
[TimeControl "40/5400+30:900+30"]

1. d4 d5 2. Nf3 Nf6 3. Bf4 c5 4. e3 Nc6 5. c3 Qb6 6. Qc2 cxd4 7. exd4 Bg4 8. Nbd2 e6 9. Ne5 Bf5 10. Bd3 Bxd3 11. Qxd3 Be7 12. O-O h6 13. Ndf3 O-O 14. Kh1 Rfd8 15. Rab1 Ne4 16. Nxc6 bxc6 17. c4 Qa6 18. Ne5 Bf6 19. f3 Nd6 20. Rfc1 Nf5 21. g4 dxc4 22. Rxc4 Ne7 23. b3 c5 24. Qe4 cxd4 25. Rd1 Rac8 26. Rxc8 Qxc8 27. Rxd4 Rxd4 28. Qxd4 Nd5 29. Bg3 Qc1+ 30. Qg1 Qc3 31. Nc4 Qxf3+ 32. Qg2 Qd1+ 33. Qg1 Qxg4 34. Qxa7 Qe4+ 35. Kg1 Bd4+ 0-1

[Event "7th Summer Cup 2024"]
[Site "Rhodes"]
[Date "2024.06.29"]
[Round "8.11"]
[White "Fang, Tianyang"]
[Black "Mickiewicz, Piotr"]
[Result "0-1"]
[ECO "B40"]
[WhiteElo "1614"]
[BlackElo "2257"]
[Annotator "RC"]
[PlyCount "52"]
[EventDate "2024.06.21"]
[EventType "swiss"]
[EventCountry "GRE"]
[SourceTitle "playchess.com"]
[Source "ChessBase"]
[SourceQuality "1"]
[TimeControl "40/5400+30:900+30"]

1. e4 c5 2. Nf3 e6 3. g3 Nc6 4. Bg2 Nf6 5. Qe2 d5 6. exd5 Nxd5 7. O-O Be7 8. Rd1 Bf6 9. a4 O-O 10. Na3 b6 11. Nc4 Bb7 12. d3 Qc7 13. Re1 Rad8 14. c3 Rfe8 15. Nfd2 e5 16. h4 Be7 17. Ne4 f6 18. Be3 Bf8 19. h5 f5 20. Ng5 Nf6 21. Qc2 h6 22. Nf3 Qf7 23. a5 e4 24. Nh4 Rxd3 25. Qb3 Ne5 26. Nd2 Bd5 0-1

[Event "7th Summer Cup 2024"]
[Site "Rhodes"]
[Date "2024.06.29"]
[Round "8.12"]
[White "Mohammed Saeed Alshamsi"]
[Black "Baruch, Amit"]
[Result "0-1"]
[ECO "C54"]
[WhiteElo "1474"]
[BlackElo "1614"]
[Annotator "NA RC"]
[PlyCount "47"]
[EventDate "2024.06.21"]
[EventType "swiss"]
[EventCountry "GRE"]
[SourceTitle "playchess.com"]
[Source "ChessBase"]
[SourceQuality "1"]
[TimeControl "40/5400+30:900+30"]

1. e4 e5 2. Nf3 Nc6 3. Bc4 Bc5 4. c3 Nf6 5. d3 d6 6. b4 Bb6 7. a4 a5 8. b5 Ne7 9. O-O O-O 10. Nbd2 Ng6 11. Re1 Ng4 12. Re2 Nf4 13. h3 Nxe2+ 14. Qxe2 Nxf2 15. d4 exd4 16. cxd4 Nxh3+ 17. gxh3 Qf6 18. Bb2 Bxh3 19. Kf2 Rfe8 20. Rg1 Qf4 21. Ke1 Bg4 22. Bxf7+ Kxf7 23. Qc4+ Be6 24. Ng5+ 0-1

[Event "7th Summer Cup 2024"]
[Site "Rhodes"]
[Date "2024.06.29"]
[Round "8.13"]
[White "Van de Lagemaat, Arend"]
[Black "Michelakis, Evaggelos"]
[Result "1/2-1/2"]
[ECO "A84"]
[WhiteElo "2030"]
[BlackElo "1734"]
[Annotator "RC"]
[PlyCount "46"]
[EventDate "2024.06.21"]
[EventType "swiss"]
[EventCountry "GRE"]
[SourceTitle "playchess.com"]
[Source "ChessBase"]
[SourceQuality "1"]
[TimeControl "40/5400+30:900+30"]

1. d4 f5 2. Nf3 e6 3. g3 b6 4. Bg2 Bb7 5. O-O Nf6 6. c4 Be7 7. d5 O-O 8. Ne5 exd5 9. cxd5 d6 10. Nc4 Nbd7 11. Nc3 Nc5 12. Nd2 a5 13. Qc2 Qd7 14. Nb3 Rf7 15. Be3 Nxb3 16. Qxb3 Raf8 17. Rac1 Ba6 18. Bh3 Ng4 19. Bd4 Bf6 20. Bxf6 Rxf6 21. Rfe1 Rh6 22. Bxg4 fxg4 23. Ne4 Qf7 1/2-1/2

[Event "7th Summer Cup 2024"]
[Site "Rhodes"]
[Date "2024.06.29"]
[Round "8.14"]
[White "Odysseos, Ioannis"]
[Black "Al Maamari, Wafia Darwish"]
[Result "0-1"]
[ECO "A00"]
[WhiteElo "1599"]
[BlackElo "1933"]
[Annotator "RC"]
[PlyCount "92"]
[EventDate "2024.06.21"]
[EventType "swiss"]
[EventCountry "GRE"]
[SourceTitle "playchess.com"]
[Source "ChessBase"]
[SourceQuality "1"]
[TimeControl "40/5400+30:900+30"]

1. a3 d5 2. Nf3 Nf6 3. e3 Bg4 4. Be2 e6 5. d4 Bd6 6. O-O O-O 7. Nbd2 Nbd7 8. c4 c5 9. dxc5 Nxc5 10. b4 Nce4 11. Nxe4 Nxe4 12. Bb2 dxc4 13. Qd4 Nf6 14. Rfd1 Be7 15. Qxc4 Qc8 16. Rac1 Bf5 17. Ne5 Qxc4 18. Rxc4 Rac8 19. Nd7 Rxc4 20. Bxc4 Rc8 21. Nxf6+ Bxf6 22. Bxf6 gxf6 23. Bf1 e5 24. g3 Rc3 25. Ra1 Kf8 26. Bg2 b6 27. b5 Rb3 28. Bc6 Bd3 29. a4 Rb1+ 30. Rxb1 Bxb1 31. Kg2 Bc2 32. Bd5 Bxa4 33. Bc4 Bc2 34. Kf3 Bf5 35. g4 Be6 36. Bd3 h6 37. Ke4 Ke7 38. h3 Kd6 39. f4 exf4 40. exf4 Kc5 41. Be2 Bd7 42. h4 f5+ 43. Ke5 fxg4 44. Kf6 g3 45. Bf3 Bxb5 46. Kxf7 Bc6 0-1